 Dungeon Sprint DCSS version 0.22-a0-422-g9628fc87f1 (webtiles) character file.

1487 Ebeneezer the Grappler (level 8, -10/88 HPs)
             Began as a Troll Berserker on May 21, 2018.
             Was a High Priest of Trog.
             Mangled by a death knight
             ... wielding a +0 glaive
              (12 damage)
             ... in the Dungeon (Sprint IX: "|||||||||||||||||||||||||||||").
             The game lasted 00:00:46 (222 turns).

Ebeneezer the Grappler (Troll Berserker)             Turns: 222, Time: 00:00:46

Health: -10/88     AC:  5    Str: 27    XL:     8   Next: 50%
Magic:  7/7        EV: 14    Int:  7    God:    Trog [*****.]
Gold:   0          SH:  0    Dex:  9    Spells: 7/7 levels left

rFire    . . .     SeeInvis .     - Unarmed
rCold    . . .     Gourm    +   (no shield)
rNeg     . . .     Faith    .   a - +0 animal skin
rPois    .         Spirit   .   (helmet restricted)
rElec    .         Reflect  .   (no cloak)
rCorr    .         Harm     .   (gloves unavailable)
MR       .....     NoTele   +   (boots unavailable)
Stlth    +.........             (no amulet)
HPRegen  0.64/turn              n - +2 ring of evasion
MPRegen  0.10/turn              m - +3 ring of intelligence

@: berserk cooldown, slowed, very slow
A: large, unfitting armour, claws 3, fast metabolism 3, gourmand, regeneration
1, shaggy fur 1, tough skin 2
a: Berserk, Trog's Hand, Brothers in Arms, Renounce Religion


You were in the Dungeon.
You worshipped Trog.
Trog was extremely pleased with you.
You were very full.

You visited 1 branch

Inventory:

Armour
 a - a +0 animal skin (worn)
 l - a +0 cloak
Jewellery
 m - a +3 ring of intelligence (right claw)
 n - a +2 ring of evasion (left claw)
Wands
 k - a wand of iceblast (10)
Scrolls
 h - 2 scrolls of blinking
 j - 3 scrolls of remove curse
Potions
 c - 5 potions of curing
 d - 3 potions of heal wounds
 e - a potion of haste
 f - 4 potions of magic
 g - a potion of berserk rage
 i - a potion of invisibility
Comestibles
 b - 2 rations
 o - 5 chunks of flesh


   Skills:
 + Level 7.7 Fighting
 + Level 7.3 Dodging
 + Level 14.5 Unarmed Combat


You had 7 spell levels left.
You didn't know any spells.
Your spell library was empty.

Dungeon Overview and Level Annotations

Branches:
Dungeon (1/1)

Altars:
Cheibriados
Dithmenos
Elyvilon
Fedhas
Gozag
Hepliaklqana
Kikubaaqudgha
Makhleb
Nemelex Xobeh
Okawaru
Qazlal
Ru
Sif Muna
Trog
Uskayaw
Vehumet
Wu Jian
Xom
Yredelemnul
Zin
The Shining One
Beogh
Jiyva
Lugonu


Innate Abilities, Weirdness & Mutations

You are too large for most types of armour.
You have claws for hands.
Your metabolism is lightning-fast.
You like to eat raw meat.
Your natural rate of healing is unusually fast.
You are covered in fur. (AC +1)
You have very tough skin. (AC +2)


Message History

The death knight reflects your damage back at you!
The death knight hits you with a glaive!!
* * * LOW HITPOINT WARNING * * *
You closely miss the death knight.
The death knight is lightly wounded.
You scratch the death knight.
The death knight is lightly wounded.
The death knight reflects your damage back at you!
* * * LOW HITPOINT WARNING * * *
The death knight's dark mirror aura disappears.
The death knight hits you with a glaive!
* * * LOW HITPOINT WARNING * * *
You mangle the death knight!! You claw the death knight.
The death knight is heavily wounded.
The death knight hits you with a glaive.
* * * LOW HITPOINT WARNING * * *
You claw the death knight!
The death knight is heavily wounded.
The death knight hits you with a glaive!
You die... ▓▓▓▓▓▓▓▓▓▓▓▓▓▓▓▓▓▓▓▓▓ +..p@(.(...÷()'..[.[) ▓▓▓▓▓▓▓▓▓▓▓▓▓▓▓▓▓▓▓▓▓

You could see a death knight.

Vanquished Creatures
  A two-headed ogre (D)
  2 yaks (D)
  A vampire mosquito (D)
  An ice beast (D)
  A phantom (D)
  A sky beast (D)
  A centaur (D)
  A jelly (D)
  A worker ant (D)
  3 adders (D)
  An adder zombie (D)
  An orc (D)
  A goblin (D)
  A hobgoblin (D)
  A quokka (D)
  A ball python (D)
  A frilled lizard (D)
  A rat (D)
21 creatures vanquished.

Notes
Turn   | Place    | Note
-------+----------+-------------------------------------------
     0 | D        | Ebeneezer the Troll Berserker began the quest for the Orb.
     0 | D        | Reached XP level 1. HP: 22/22 MP: 0/0
     8 | D        | Reached ** piety under Trog
     8 | D        | Reached skill level 4 in Unarmed Combat
    21 | D        | Noticed a sky beast
    26 | D        | Reached skill level 5 in Unarmed Combat
    26 | D        | Reached XP level 2. HP: 29/29 MP: 1/1
    27 | D        | Reached *** piety under Trog
    27 | D        | Reached skill level 6 in Unarmed Combat
    35 | D        | Killed a sky beast
    35 | D        | Reached skill level 10 in Unarmed Combat
    35 | D        | Reached XP level 3. HP: 36/36 MP: 2/2
    35 | D        | Reached XP level 4. HP: 44/44 MP: 3/3
    76 | D        | Found a roughly hewn altar of Beogh.
    76 | D        | Found a snail-covered altar of Cheibriados.
    76 | D        | Found a shadowy altar of Dithmenos.
    76 | D        | Found a white marble altar of Elyvilon.
    76 | D        | Found a blossoming altar of Fedhas.
    76 | D        | Found an opulent altar of Gozag.
    77 | D        | Found a hazy altar of Hepliaklqana.
    78 | D        | Found a viscous altar of Jiyva.
    79 | D        | Found an ancient bone altar of Kikubaaqudgha.
    80 | D        | Found a corrupted altar of Lugonu.
    81 | D        | Found a burning altar of Makhleb.
    82 | D        | Found a sparkling altar of Nemelex Xobeh.
    83 | D        | Found an iron altar of Okawaru.
    84 | D        | Found a stormy altar of Qazlal.
    85 | D        | Found a sacrificial altar of Ru.
    86 | D        | Found a deep blue altar of Sif Muna.
    87 | D        | Found a bloodstained altar of Trog.
    88 | D        | Found a hide-covered altar of Uskayaw.
    89 | D        | Found a radiant altar of Vehumet.
    90 | D        | Found an ornate altar of the Wu Jian Council.
    91 | D        | Found a shimmering altar of Xom.
    92 | D        | Found a basalt altar of Yredelemnul.
    93 | D        | Found a glowing silver altar of Zin.
    94 | D        | Found a glowing golden altar of the Shining One.
   123 | D        | Noticed a yak
   123 | D        | Noticed a centaur
   126 | D        | Reached **** piety under Trog
   126 | D        | Reached XP level 5. HP: 53/53 MP: 4/4
   134 | D        | Killed a centaur
   134 | D        | Reached skill level 11 in Unarmed Combat
   137 | D        | Killed a yak
   137 | D        | Received a gift from Trog
   137 | D        | Reached skill level 5 in Fighting
   137 | D        | Reached skill level 5 in Dodging
   137 | D        | Reached skill level 12 in Unarmed Combat
   137 | D        | Reached XP level 6. HP: 66/66 MP: 5/5
   195 | D        | Noticed a death knight
   195 | D        | Noticed a yak
   195 | D        | Noticed an ice beast
   195 | D        | Noticed a vampire mosquito
   195 | D        | Noticed a two-headed ogre
   200 | D        | Killed a two-headed ogre
   200 | D        | Reached ***** piety under Trog
   200 | D        | Reached skill level 13 in Unarmed Combat
   200 | D        | Reached XP level 7. HP: 78/78 MP: 6/6
   200 | D        | Reached XP level 8. HP: 87/87 MP: 7/7
   202 | D        | Received a gift from Trog
   206 | D        | Reached skill level 14 in Unarmed Combat
   216 | D        | Received a gift from Trog
   220 | D        | HP: 1/88 [death knight/glaive (9)]
   222 | D        | Mangled by a death knight

Vault maps used:
D:        linesprint

Skill      XL: |  1  2  3  4  5  6  7  8 |
---------------+-------------------------+-----
Unarmed Combat | 5 10 12 13 14 | 14.5
Fighting       | 3 5 7 |  7.7
Dodging        | 5 6 7 |  7.3

Action                   |  1- 3 |  4- 6 |  7- 9 || total
-------------------------+-------+-------+-------++-------
Melee: Unarmed           |    19 |    17 |    18 ||    54
       Punch             |     1 |     1 |     2 ||     4
Invok: Berserk           |     1 |     2 |       ||     3
  Eat: Chunk             |     2 |     7 |       ||     9
Armor: Animal skin       |     2 |     1 |     3 ||     6
Dodge: Dodged            |     5 |     3 |     5 ||    13

Table legend:
 A = Spawn XP
 B = Non-spawn XP
 C = Spawn XP percentage of total XP
 D = Spawn monster count
 E = Non-spawn monster count
 F = Spawn count percentage of total count
 G = Total turns spent on level
                    A         B        C        D         E        F      G
               +---------+---------+-------+---------+---------+-------+---------
         Total |       0 |    2125 |   0.0 |       0 |      21 |   0.0 |   222
               +---------+---------+-------+---------+---------+-------+---------
             D |       0 |    2125 |   0.0 |       0 |      21 |   0.0 |   222
               +---------+---------+-------+---------+---------+-------+---------
